 Dungeon Crawl Stone Soup version 0.29.0-11-gd7f09526c8 (webtiles) character file.

Game seed: 14339773918742110325

350 Flippered the Slasher (level 6, 0/47 HPs)
             Began as a Djinni Gladiator on Sept 6, 2022.
             Was a Priest of Cheibriados.
             Slain by a yak (11 damage)
             ... on level 5 of the Dungeon.
             The game lasted 00:07:37 (4791 turns).

Flippered the Slasher (Djinni Gladiator)            Turns: 4791, Time: 00:07:38

Health: 0/47       AC:  7    Str: 19    XL:     6   Next: 92%
Gold:   160        EV: 12    Int: 18    God:    Cheibriados [***...] SH:  0 Dex: 20

rFire   + + .      SeeInvis .   a - +0 long sword
rCold   x . .      Faith    .   (no shield)
rNeg    . . .      Spirit   .   j - +0 ring mail
rPois   ∞          Reflect  .   i - +0 helmet
rElec   .          Harm     .   (no cloak)
rCorr   .          Rampage  .   f - +0 pair of gloves
Will    .....                   (boots unavailable)
Stlth   +.........              (no amulet)
HPRegen 0.15/turn               (no ring)
MPRegen 0.00/turn               (no ring)

@: flying, very slow
A: sickness immunity, fire resistance 2, cold vulnerability 1, float, innate
caster, HP casting, extra vitality 1
a: Renounce Religion, Bend Time, Temporal Distortion


You were on level 5 of the Dungeon.
You worshipped Cheibriados.
Cheibriados was most pleased with you.
You visited 1 branch of the dungeon, and saw 5 of its levels.

You collected 265 gold pieces.
You spent 105 gold pieces at shops.

Inventory:

Hand Weapons
 a - a +0 long sword (weapon)
 b - a +2 sling of freezing
Missiles
 d - 3 throwing nets
 e - a javelin
 h - 8 poisoned darts
Armour
 f - a +0 pair of gloves (worn)
 i - a +0 helmet (worn)
 j - a +0 ring mail (worn)
Scrolls
 c - a scroll of blinking
 k - 2 scrolls of vulnerability {unknown}
 l - 2 scrolls of fear {unknown}
 m - 3 scrolls of amnesia {unknown}
 n - a scroll of torment {unknown}
 p - a scroll of teleportation {unknown}
 q - a scroll of magic mapping {unknown}
 t - a scroll of identify {unknown}
Potions
 o - a potion of berserk rage {unknown}
 r - a potion of invisibility {unknown}
 s - 2 potions of lignification {unknown}
 u - a potion of curing {unknown}
 v - a potion of ambrosia {unknown}
 w - a potion of resistance {unknown}


   Skills:
 + Level 3.7 Fighting
 * Level 5.0 Long Blades
 - Level 1.5 Throwing
 - Level 3.2 Dodging
 + Level 2.1 Spellcasting


You had 6 spell levels left.
You knew the following spells:

 Your Spells              Type           Power      Damage    Failure   Level
a - Apportation           Tloc           18%        N/A       13%         1
b - Poisonous Vapours     Pois/Air       18%        N/A       19%         2
Your spell library was empty.

Dungeon Overview and Level Annotations

Branches:
Dungeon (5/15)
 Temple: D:4-7

Altars:
Cheibriados
Dithmenos
Elyvilon
Fedhas
Makhleb
Okawaru
Xom
Yredelemnul

Shops:
D:3 ?   D:4 *


Innate Abilities, Weirdness & Mutations

You are immune to sickness and miasma.
You are immune to poison.
Your flesh is very heat resistant. (rF++)
You are vulnerable to cold. (rC-)
You float through the air rather than walking.
You learn spells naturally, not from books.
Your magical power is your life essence.
You have superior vitality. (+4 MHP)


Message History

The phantom hits you but does no damage.
You slash the phantom!
You destroy the phantom!
Cheibriados appreciates the change of pace.
Your Long Blades skill increases to level 5!
You start resting.
A shadow imp comes into view.
You start resting.
HP restored.
You see here 6 stones.
A yak comes into view.
The yak bellows!
A yak comes into view.
The yak moves out of view.
You see here 6 stones.
The yak gores you but does no damage.
You hit the yak.
The yak is lightly wounded.
The yak gores you!
You slash the yak!
The yak is moderately wounded.
The yak gores you!
You barely miss the yak.
The yak is moderately wounded.
The yak closely misses you.
You closely miss the yak.
The yak is moderately wounded.
The yak gores you!
You hit the yak.
The yak is heavily wounded.
The yak gores you!
* * * LOW HITPOINT WARNING * * *
The yak barely misses you.
You slash the yak!
The yak is severely wounded.
The yak misses you.
You hit the yak.
The yak is severely wounded.
The yak gores you!
You die...

#.######.. #.### #...#
###.# #(#
.##.#.###.########### .
.#.......#.......#
##.....##.#Y#.......#
...##..##.#@#.......#
#.....##..)........#
.#...##.#)#.<.....#
..##.#........#.......#
#.....................#
...#.##.##.####.#######
...##.# #.# ..##.####
### #. ..#


You could see a yak.

Vanquished Creatures
  A phantom (D:5)
  A jelly (D:4)
  An orc priest (D:3)
  2 orc wizards
  An iguana (D:4)
  4 gnolls (D:3)
  An adder (D:3)
  An ufetubus (D:4)
  3 dart slugs
  10 orcs
  6 endoplasms
  5 giant cockroaches
  6 goblins
  8 hobgoblins
  4 jackals (D:1)
  5 kobolds
  A quokka (D:2)
  5 ball pythons
  7 bats
  3 frilled lizards
  3 rats
78 creatures vanquished.

Notes
Turn   | Place    | Note
-------+----------+-------------------------------------------
     0 | D:1      | Flippered the Djinni Gladiator began the quest for the Orb.
     0 | D:1      | Reached XP level 1. HP: 18/18 MP: 0/0
     1 | D:1      | Noticed an electric eel
   390 | D:1      | Reached XP level 2. HP: 16/23 MP: 0/0
   655 | D:1      | Reached skill level 3 in Long Blades
   784 | D:1      | Reached XP level 3. HP: 19/29 MP: 0/0
   784 | D:1      | Learned a level 1 spell: Apportation
   895 | D:1      | Found a faded altar of an unknown god.
   926 | D:1      | Prayed at the altar of an unknown god.
   926 | D:1      | Became a worshipper of Cheibriados the Contemplative
   926 | D:1      | Reached * piety under Cheibriados
  2189 | D:3      | Reached ** piety under Cheibriados
  2190 | D:3      | Reached skill level 1 in Spellcasting
  2190 | D:3      | Reached XP level 4. HP: 34/34 MP: 0/0
  2443 | D:3      | Reached XP level 5. HP: 40/40 MP: 0/0
  2443 | D:3      | Learned a level 2 spell: Poisonous Vapours
  2579 | D:3      | Found a basalt altar of Yredelemnul.
  2591 | D:3      | Found a faded altar of an unknown god.
  2593 | D:3      | Found an iron altar of Okawaru.
  2606 | D:3      | Found a faded altar of an unknown god.
  2644 | D:3      | Reached skill level 4 in Long Blades
  2950 | D:3      | Found Pigiedgh's Magic Scroll Shoppe.
  3221 | D:3      | Bought a scroll of blinking for 105 gold pieces
  3275 | D:4      | Reached XP level 6. HP: 46/46 MP: 0/0
  3448 | D:4      | Found a blossoming altar of Fedhas.
  3449 | D:4      | Found a shimmering altar of Xom.
  3449 | D:4      | Found a shadowy altar of Dithmenos.
  3457 | D:4      | Found a white marble altar of Elyvilon.
  3649 | D:4      | Found Fihucyn's Neck Hole.
  3718 | D:4      | Reached *** piety under Cheibriados
  4077 | D:4      | Found a burning altar of Makhleb.
  4334 | D:5      | Entered Level 5 of the Dungeon
  4338 | D:5      | Noticed an ice beast
  4686 | D:5      | Reached skill level 5 in Long Blades
  4775 | D:5      | Noticed a yak
  4775 | D:5      | Noticed a yak
  4791 | D:5      | Slain by a yak

Illustrated notes

Levels and vault maps discovered:
D:1:      arrival_aquarium_a, layout_basic, basic_ecumenical_altar
D:2:      layout_loops_corners, nicolae_titane
D:3:      layout_basic, chequers_temple_overflow_minitemple, serial_shops,
          nicolae_shop_statue_plus, lemuel_another_geyser
D:4:      layout_basic, grunt_temple_overflow_open, lemuel_tele_altar,
          nicolae_shop_sticking_my_neck_out
D:5:      layout_loops_cross, minmay_temple_entry_ruins,
          minmay_misc_feat_rugged, uniq_eustachio

Skill      XL: |  1  2  3  4  5  6 |
---------------+-------------------+-----
Long Blades    | 3 4 5 |  5.0
Spellcasting   | 1 2 |  2.1
Fighting       | 3 |  3.7
Throwing       | |  1.5
Dodging        | |  3.2

Action                   |  1- 3 |  4- 6 || total
-------------------------+-------+-------++-------
Melee: Long sword        |   120 |   152 ||   272
       Punch             |     2 |     2 ||     4
 Cast: Poisonous Vapours |       |     3 ||     3
  Use: Potion            |       |     5 ||     5
       Scroll            |       |     1 ||     1
 Stab: Sleeping          |     1 |       ||     1
Armor: Leather armour    |    42 |       ||    42
       Ring mail         |    29 |    53 ||    82
Dodge: Dodged            |   122 |    80 ||   202
